 Dungeon Crawl Stone Soup version 0.31-a0-654-gbe3e110b4e (webtiles) character file.

Game seed: 15976764664282196979

2079 heikuro the Shield-Bearer (level 9, -5/69 HPs)
             Began as a Formicid Fighter on Aug 29, 2023.
             Was an Initiate of Gozag.
             Killed from afar by a steam dragon (13 damage)
             ... with a ball of steam
             ... on level 6 of the Dungeon.
             The game lasted 00:18:04 (4376 turns).

heikuro the Shield-Bearer (Formicid Fighter)        Turns: 4376, Time: 00:18:05

Health: -5/69      AC: 11    Str: 26    XL:     9   Next: 51%
Magic:  9/9        EV: 10    Int:  7    God:    Gozag
Gold:   917        SH:  6    Dex: 13    Spells: 8/8 levels left

rFire   . . .        A - +1 hand axe (elec)
rCold   . . .        c - +0 buckler
rNeg    . . .        v - +3 ring mail of Fanaticism {Will+}
rPois   +            (helmet unavailable)
rElec   .            s - +0 cloak
rCorr   .            D - +0 pair of gloves
SInv    +            (no boots)
Will    +....        j - amulet of regeneration
Stlth   +            n - ring of wizardry
HPRegen 1.11/turn    o - ring of poison resistance
MPRegen 0.11/turn

%: wizardry (x1)
@: studying Unarmed Combat
A: permanent stasis, dig shafts and tunnels, antennae 3, four strong arms
a: Dig, Shaft Self, Renounce Religion, Potion Petition, Call Merchant, Bribe
Branch


You were on level 6 of the Dungeon.
You worshipped Gozag.
Gozag was pleased with you.
You visited 2 branches of the dungeon, and saw 8 of its levels.
You also visited: Sewer.

You collected 988 gold pieces.
You paid 71 gold pieces to Gozag.

Inventory:

Hand Weapons
 a - a +0 war axe
 u - the +6 trident of Hell's Wrath {holy, rN+}
   (You found it on level 4 of the Dungeon)

   rN+:       It protects you from negative energy.
 A - a +1 hand axe of electrocution (weapon)
Missiles
 E - 2 curare-tipped darts
Armour
 c - a +0 buckler (worn)
 e - a +0 plate armour
 s - a +0 cloak (worn)
 v - the +3 ring mail of Fanaticism (worn) {Will+}
   (You found it on level 4 of the Dungeon)

   Will+:     It increases your willpower.
 D - a +0 pair of gloves (worn)
Magical Staves
 x - a staff of poison
Jewellery
 j - an amulet of regeneration (around neck)
 n - a ring of wizardry (left hand)
 o - a ring of poison resistance (right hand)
 y - a ring of protection from cold
 z - a ring of protection from fire
Wands
 r - a wand of mindburst (18)
 H - a wand of iceblast (7)
Scrolls
 b - a scroll of fog {unknown}
 h - 2 scrolls of identify
 i - 2 scrolls of fear {unknown}
 k - 2 scrolls of blinking {unknown}
 m - a scroll of immolation {unknown}
 p - a scroll of teleportation {unknown}
 q - 2 scrolls of torment {unknown}
 C - a scroll of revelation {unknown}
 F - a scroll of noise {unknown}
 G - a scroll of enchant armour {unknown}
 I - a scroll of enchant weapon {unknown}
 J - a scroll of brand weapon {unknown}
Potions
 d - a potion of might
 f - 2 potions of magic
 g - 4 potions of curing
 l - 3 potions of lignification
 t - a potion of enlightenment
 w - a potion of cancellation {unknown}
 B - 2 potions of mutation {unknown}


   Skills:
 - Level 5.9 Fighting
 - Level 6.3 Axes
 - Level 1.1 Staves
 - Level 5.9 Armour
 + Level 7.8 Shields
 * Level 5.3 Unarmed Combat
 - Level 1.0 Poison Magic
 + Level 4.6 Evocations


You had 8 spell levels left.
You didn't know any spells.
Your spell library contained the following spells:

 Spells                   Type           Power      Damage    Failure   Level
 Ozocubu's Armour         Ice            0%         N/A       65%         3
 Tukima's Dance           Hex            0%         N/A       65%         3
 Passage of Golubria      Tloc           0%         N/A       95%         4
 Metabolic Englaciation   Hex/Ice        0%         N/A       100%        5
 Yara's Violent Unravell  Hex/Tmut       0%         3d3       100%        5
 Simulacrum               Ice/Necr       Unusable   N/A       N/A         6

Dungeon Overview and Level Annotations

Branches:
Dungeon (7/15)             Temple (1/1) D:5           Sewer (visited)

Altars:
Cheibriados
Dithmenos
Fedhas
Gozag
Hepliaklqana
Kikubaaqudgha
Makhleb
Nemelex Xobeh
Qazlal
Ru
Sif Muna
Trog
Uskayaw
Vehumet
Wu Jian
Xom
Zin

Shops:
D:6 [


Innate Abilities, Weirdness & Mutations

You cannot be hasted, slowed, berserked, paralysed or teleported.
You can dig through walls and to a lower floor.
You have a pair of large antennae on your head. (SInv)
Your four strong arms can wield two-handed weapons with a shield.


Message History

The steam dragon bites you!
The steam dragon claws you but does no damage.
You climb upwards.
There is a stone staircase leading down here.
Unknown command.
You closely miss the steam dragon.
The steam dragon is lightly wounded.
You hit the phantom but do no damage. The phantom hits you.
You block the steam dragon's attack. The steam dragon claws you.
Unknown command.
You hit the steam dragon but do no damage.
The steam dragon is lightly wounded.
You closely miss the phantom. You block the phantom's attack.
The steam dragon bites you!
* * * LOW HITPOINT WARNING * * *
The steam dragon claws you but does no damage.
Unknown command.
You barely miss the steam dragon.
The steam dragon is lightly wounded.
You hit the phantom.
The phantom hits you but does no damage.
The steam dragon closely misses you. You block the steam dragon's attack.
Unknown command.
You hit the steam dragon but do no damage.
Lightning courses through the steam dragon!!
The steam dragon is severely wounded.
You slash the phantom! The phantom completely misses you.
The steam dragon breathes steam at you. The ball of steam hits you.
* * * LOW HITPOINT WARNING * * *
You barely miss the steam dragon.
The steam dragon is severely wounded.
You barely miss the phantom.
You are engulfed in a cloud of scalding steam.
* * * LOW HITPOINT WARNING * * *
The phantom hits you but does no damage.
The steam dragon breathes steam at you. The ball of steam hits you!
You die...
Your body crumbles into a pile of gold.

.......# #.# #.# ######.# #.#
#.# #.# #####.#####.# #.#
#.......)...#
#.#############...#.#######
#.....[)............# #
#..##..)............# #
#..##.####D.#.......# #
#..##.####§@##...<### #
###..##.##..W[§.....# #
#.............##.#..#
####..###.∩#####.##.#..#
......# #........##.#..#
##.##.###.####.####.#..#
##.###....>)##.##......########
....#########♣.♣####..........#
.....# ♣.♣ #..#######.#


You could see a steam dragon (catching breath) and a phantom.

Vanquished Creatures
  A steam dragon (D:5)
  3 water moccasins
  Duvessa (D:6)
  An orc warrior (D:6)
  A sky beast (D:4)
  2 ice beasts
  An ogre (D:6)
  A phantom (D:5)
  2 kobold brigands
  2 scorpions
  A bullfrog (D:6)
  Dowan (D:6)
  A howler monkey (D:4)
  2 hounds
  3 orc priests
  A sleepcap (D:6)
  3 iguanas (D:5)
  4 orc wizards
  3 gnolls
  8 adders
  2 shadow imps
  2 white imps
  An ufetubus (D:3)
  2 worms
  2 dart slugs
  12 orcs
  9 endoplasms
  5 giant cockroaches
  6 goblins
  4 hobgoblins
  7 jackals
  29 kobolds
  4 quokkas
  7 ball pythons
  5 bats
  4 frilled lizards
  6 rats
149 creatures vanquished.

Vanquished Creatures (others)
  An ufetubus (D:6)
1 creature vanquished.

Grand Total: 150 creatures vanquished

Notes
Turn   | Place    | Note
-------+----------+-------------------------------------------
     0 | D:1      | heikuro the Formicid Fighter began the quest for the Orb.
     0 | D:1      | Reached XP level 1. HP: 18/18 MP: 1/1
    64 | D:1      | Reached XP level 2. HP: 22/24 MP: 2/2
   261 | D:1      | Reached XP level 3. HP: 29/29 MP: 3/3
  1400 | D:3      | Reached XP level 4. HP: 34/37 MP: 4/4
  1466 | D:3      | Found a glowing drain.
  1509 | Sewer    | Entered a sewer
  1533 | Sewer    | Noticed a water moccasin
  1556 | Sewer    | Killed a water moccasin
  1557 | Sewer    | Reached skill level 5 in Shields
  1557 | Sewer    | Reached XP level 5. HP: 16/42 MP: 5/5
  1557 | Sewer    | Reached XP level 6. HP: 19/48 MP: 6/6
  1632 | Sewer    | Upgraded the game from 0.31-a0-640-g39d97e502b to
                  | 0.31-a0-654-gbe3e110b4e
  1650 | D:3      | Found a blossoming altar of Fedhas.
  1763 | D:3      | Found a glowing silver altar of Zin.
  1770 | D:3      | Found an opulent altar of Gozag.
  1777 | D:3      | Found a sacrificial altar of Ru.
  1793 | D:3      | Became a worshipper of Gozag Ym Sagoz the Greedy
  2142 | D:4      | Noticed a sky beast
  2158 | D:4      | Killed a sky beast
  2175 | D:4      | Found a shimmering blue altar of Sif Muna.
  2226 | D:4      | Reached skill level 1 in Evocations
  2271 | D:4      | Found a shadowy altar of Dithmenos.
  2322 | D:4      | Reached XP level 7. HP: 55/55 MP: 7/7
  2401 | D:4      | Identified the +6 trident of Hell's Wrath {holy, rN+}
  2466 | D:4      | Identified the +3 ring mail of Fanaticism {Will+}
  2611 | D:5      | Entered Level 5 of the Dungeon
  2617 | D:5      | Found a staircase to the Ecumenical Temple.
  2661 | Temple   | Entered the Ecumenical Temple
  2930 | D:5      | Reached skill level 5 in Fighting
  2930 | D:5      | Reached skill level 1 in Staves
  2930 | D:5      | Reached skill level 1 in Poison Magic
  2993 | D:5      | Reached skill level 5 in Axes
  2993 | D:5      | Reached skill level 5 in Armour
  2993 | D:5      | Reached skill level 6 in Shields
  2993 | D:5      | Reached XP level 8. HP: 62/62 MP: 8/8
  3646 | D:6      | Reached XP level 9. HP: 37/69 MP: 9/9
  3706 | D:6      | Reached skill level 1 in Unarmed Combat
  3756 | D:6      | Found Xiaptenio's Armour Shoppe.
  3772 | D:6      | Reached skill level 7 in Shields
  4334 | D:7      | Noticed Duvessa
  4334 | D:7      | Noticed Dowan
  4340 | D:6      | Killed Dowan
  4343 | D:6      | Killed Duvessa
  4369 | D:7      | Reached skill level 5 in Unarmed Combat
  4376 | D:6      | Killed from afar by a steam dragon

Illustrated notes

Levels and vault maps discovered:
D:1:      amcnicky_arrival_single_pillar, layout_rooms
D:2:      layout_loops_ring, serial_bayou, serial_bayou_shore_a,
          serial_bayou_ford_a, serial_bayou_lagoon_a, serial_bayou_shore_b,
          minmay_tetromino_l4
D:3:      layout_rooms, mainiacjoe_overflow_catwalk,
          minmay_overflow_temple_star_quad, gup_sewer_entry_glass
D:4:      layout_rooms, nicolae_dithmenos_shadow_blocks,
          nicolae_sif_muna_condensation, kennysheep_generic_room_12
D:5:      kennysheep_kobold_camp, layout_rooms, minmay_temple_entry_tees
D:6:      wander_river, layout_loops_ring, serial_shops, shop,
          dreamdust_princess_corridor, minmay_manual_mess
D:7:      layout_basic, okawaru_ov_weapons_minmay, minmay_circle_x,
          uniq_duvessa, uniq_joseph
Temple:   chequers_temple_sunken

Skill      XL: |  1  2  3  4  5  6  7  8  9 |
---------------+----------------------------+-----
Axes           | 3 4 5 6 |  6.3
Fighting       | 4 5 |  5.9
Armour         | 4 5 |  5.9
Shields        | 5 6 7 |  7.8
Evocations     | 1 2 3 4 |  4.6
Staves         | 1 |  1.1
Poison Magic   | 1 |  1.0
Unarmed Combat | 5 |  5.3

Action                     |  1- 3 |  4- 6 |  7- 9 || total
---------------------------+-------+-------+-------++-------
  Melee: War axe           |   100 |   116 |    76 ||   292
         Hand axe          |       |       |   174 ||   174
    Use: Scroll            |       |       |     4 ||     4
   Stab: Distracted        |       |       |     2 ||     2
 Armour: Plate armour      |    89 |    95 |     8 ||   192
         Ring mail         |       |       |   102 ||   102
  Dodge: Dodged            |    43 |    52 |   108 ||   203
  Block: Buckler           |    33 |    37 |    71 ||   141

Table legend: (Time is in decaauts)
 A = Elapsed time spent in this place.
 B = Non-inter-level travel time spent in this place.
 C = Inter-level travel time spent in this place.
 D = Time resting spent in this place.
 E = Time spent auto-exploring this place.
 F = Levels seen in this place.
 G = Mean time per level.
                   A        B        C        D        E       F      G
               +--------+--------+--------+--------+--------+-----+--------+
         Total |   4563 |   4424 |    139 |     80 |   2601 |   9 |  507.0 |
       Dungeon |   4291 |   4152 |    139 |     46 |   2585 |   7 |  613.0 |
        Temple |    135 |    135 |      0 |     11 |      0 |   1 |  135.0 |
         Sewer |    137 |    137 |      0 |     23 |     16 |   1 |  137.0 |
               +--------+--------+--------+--------+--------+-----+--------+

Top non-repeatable levels by time:
     D:2: 921 daAuts
     D:5: 893 daAuts
     D:6: 794 daAuts
     D:3: 561 daAuts
     D:4: 555 daAuts
     D:1: 547 daAuts
   Sewer: 137 daAuts
  Temple: 135 daAuts
     D:7: 17 daAuts
